 Dungeon Crawl Stone Soup version 0.28.0-45-g0d030f2227 (webtiles) character file.

Game seed: 5045461884453389199

51 101zpm the Chiller (level 3, 0/19 HPs)
             Began as a Deep Elf Ice Elementalist on Apr 20, 2022.
             Succumbed to an adder's poison
             ... on level 2 of the Dungeon.
             The game lasted 00:03:01 (1915 turns).

101zpm the Chiller (Deep Elf Ice Elementalist)      Turns: 1915, Time: 00:03:01

Health: 0/19       AC:  2    Str:  5    XL:     3   Next: 58%
Magic:  8/10       EV: 12    Int: 21    God:
Gold:   107        SH:  0    Dex: 15    Spells: 8/9 levels left

rFire   . . .      SeeInvis .   n - +0 short sword
rCold   . . .      Faith    .   (no shield)
rNeg    . . .      Spirit   .   a - +0 robe
rPois   .          Reflect  .   (no helmet)
rElec   .          Harm     .   (no cloak)
rCorr   .          Rampage  .   (no gloves)
Will    .....                   (no boots)
Stlth   ++........              (no amulet)
HPRegen 0.06/turn               (no ring)
MPRegen 0.12/turn               (no ring)

@: lethally poisoned (0 -> -1)
A: no striking features
a: no special abilities


You were on level 2 of the Dungeon.
You visited 1 branch of the dungeon, and saw 3 of its levels.

You collected 107 gold pieces.

Inventory:

Hand Weapons
 d - a +0 whip
 n - a +0 short sword (weapon)
Missiles
 b - 55 stones
Armour
 a - a +0 robe (worn)
Wands
 i - a wand of acid (5)
Scrolls
 e - a scroll of amnesia {unknown}
 f - a scroll of enchant weapon {unknown}
 h - a scroll of vulnerability {unknown}
 k - a scroll of identify {unknown}
 l - a scroll of immolation {unknown}
Potions
 c - a potion of mutation {unknown}
 g - a potion of lignification {unknown}
 j - a potion of berserk rage {unknown}
 m - a potion of curing {unknown}


   Skills:
 + Level 2.5 Dodging
 + Level 2.5 Stealth
 + Level 3.5 Spellcasting
 + Level 5.5 Ice Magic


You had 8 spell levels left.
You knew the following spells:

 Your Spells              Type           Power      Damage    Failure   Level
a - Freeze                Ice            100%       1d11      1%          1

Your spell library contained the following spells:

 Spells                   Type           Power      Damage    Failure   Level
 Frozen Ramparts          Ice            54%        1d7       3%          3
 Ozocubu's Armour         Ice            27%        N/A       3%          3
 Hailstorm                Conj/Ice       15%        3d5       36%         4


Dungeon Overview and Level Annotations

Branches:
Dungeon (3/15)

Altars:


Message History

A dart slug comes into view.
A dart slug is nearby!
An adder comes into view.
The helpless adder fails to defend itself.
You hit the adder.
The adder is moderately wounded.
The adder bites you but does no damage. The adder bites you.
You are poisoned.
The adder poisons you!
You barely miss the adder.
The adder is lightly wounded.
You feel sick. The adder bites you.
You miss the adder.
The adder is lightly wounded.
You feel sick. The adder bites you. The adder closely misses you.
You are too injured to fight recklessly!
You are too injured to fight recklessly!
You are too injured to fight recklessly!
You are too injured to fight recklessly!
You are too injured to fight recklessly!
You are too injured to fight recklessly!
You are too injured to fight recklessly!
You are too injured to fight recklessly!
You are too injured to fight recklessly!
You are too injured to fight recklessly!
You are too injured to fight recklessly!
Aiming: Freeze (safe; 1% risk of failure)
Press: ? - help, Q - select action, (/) - cycle Shift-Dir - straight line, f - adder
Aim: an adder (lightly wounded)
You freeze the adder.
The adder is moderately wounded.
You feel sick. The adder misses you.
Aiming: Freeze (safe; 1% risk of failure)
Press: ? - help, Q - select action, (/) - cycle Shift-Dir - straight line, f/p - adder
Aim: an adder (moderately wounded)
You freeze the adder.
The adder is almost dead.
You feel sick. The adder bites you.
* * * LOW HITPOINT WARNING * * *
You die...

..# #.# #.###.#
#..###.# #..#.## ..
....##### #.#.##
#.....#####.###### ###
#..............#..
....##.....###.........
...w......<# #.#.##.#..
.##.##.....# #.#.##.###
#@##### #.#.##.# #.#
#....).# #S# #......#
..#########.####
###>.....# #.#
.####.###.#
.#........######
.#.##.#####..... .[.
#.# #.####


You could see an adder.

Vanquished Creatures
  An adder (D:2)
  A worm (D:2)
  3 endoplasms
  5 giant cockroaches
  6 goblins
  3 hobgoblins
  2 kobolds
  3 quokkas
  6 ball pythons
  3 bats
33 creatures vanquished.

Notes
Turn   | Place    | Note
-------+----------+-------------------------------------------
     0 | D:1      | 101zpm the Deep Elf Ice Elementalist began the quest for
                  | the Orb.
     0 | D:1      | Reached XP level 1. HP: 10/10 MP: 6/6
   240 | D:1      | Reached XP level 2. HP: 9/15 MP: 1/8
   465 | D:1      | Reached skill level 5 in Ice Magic
   793 | D:2      | You fall into a shaft and drop 1 floor!
   891 | D:3      | Reached XP level 3. HP: 13/19 MP: 3/9
  1745 | D:2      | Found a faded altar of an unknown god.
  1915 | D:2      | Succumbed to an adder's poison

Illustrated notes

Levels and vault maps discovered:
D:1:      dpeg_arrival_pond, layout_loops_corners
D:2:      layout_loops_cross, shapermc_ecumenical_altar_hornbeckon
D:3:      layout_basic, uniq_natasha

Skill      XL: |  1  2 |
---------------+-------+-----
Ice Magic      | 5 |  5.5
Dodging        | |  2.5
Stealth        | |  2.5
Spellcasting   | |  3.5

Action                   || total
-------------------------++-------
Melee: Whip              ||     4
       Short sword       ||    10
 Cast: Freeze            ||    54
 Stab: Sleeping          ||     3
Armor: Robe              ||     5
Dodge: Dodged            ||    34
